woodfighter, chaotic female elven Rogue ..)- ..*. [.... ...G. ..... -------.-- |...df@G. |<.----- ---- woodfighter the Cutpurse Experience level: 5 Strength: 16 Dexterity: 17 Constitution: 15 Intelligence: 13 Wisdom: 9 Charisma: 7 Health: 0(38) Energy: 21(21) Def: 7 Gold: 0 Moves: 3562 Dungeon seed: XCT7YclrR4U67vh2 Game ID: woodfighter_1515606392 Your Inventory: Weapons a - a +0 elven short sword (weapon in hand) b - 15 +0 elven daggers (in quiver) Armor e - an uncursed +1 leather armor (being worn) n - an uncursed +0 elven cloak (being worn) q - an uncursed +0 elven cloak r - an uncursed +0 elven shield (being worn) z - an uncursed +0 pair of elven boots (being worn) N - an uncursed +0 orcish helm (being worn) Comestibles k - 2 uncursed magic beans p - 5 uncursed food rations u - 2 uncursed tins of newt meat E - an uncursed carrot K - an uncursed lichen corpse O - an uncursed tripe ration Z - an uncursed tin of spinach Wands j - a wand of sleep (0:4) D - a wand of secret door detection (0:14) Tools g - an uncursed blindfold s - an uncursed bag of holding y - an uncursed lock pick Contents of the bag of holding: a [blessed] scroll of enchant weapon a [cursed] scroll of identify 3 [uncursed] potions of hallucination an uncursed [+3] ring of adornment an uncursed ring of fire resistance Spells and supernatural/magical abilities: Name Level Category Fail Memory W - pray for help -- divine ? -- Your skills at the end: Miscellaneous Skills wands [Basic] Weapon Skills dagger [Basic] short sword [Basic] Spellcasting Skills Final Attributes: You were piously aligned. You were sleep resistant. Your writing hand was ok. You had infravision. You were very stealthy. You are dead. Vanquished creatures: an imp a baby crocodile a rock piercer a gnome lord a gnomish wizard a guardian naga hatchling 2 paper golems a puppy a floating eye a kitten 2 dwarves a homunculus a kobold lord 3 iguanas 7 hill orcs 2 jitterbugs a giant bat a monkey 2 coyotes a gas spore an acid blob 2 geckos a hobgoblin 3 brown molds a green mold a red mold 7 gnomes a gnome zombie 16 jackals 4 newts 2 goblins 4 sewer rats 3 grid bugs 4 lichens 82 creatures vanquished. Voluntary challenges: You did not adorn yourself with jewelry or accessories. You did not cause conflict. You were not invisible. You did not have reflection. You were not displaced. You used a wielded weapon 105 times, starting on turn 258. You did not apply a unicorn horn. You did not use plumbed fixtures. You did not drink any magical draughts. You read items or engraved 1 time, starting on turn 1743. You never genocided any monsters. You never polymorphed an object. You never changed form. You used no wishes. You never split a pudding. You never wrote Elbereth's name. You never violated your personal moral code. Dungeon overview: The Dungeons of Doom: levels 1 to 6 Level 1 a fountain a long staircase Level 2 a fountain Level 3 Level 4 a fountain stairs to The Gnomish Mines Level 5 many fountains Level 6 stairs to Sokoban The Gnomish Mines: Level 5 <- You were here stairs to The Dungeons of Doom Sokoban: levels 3 to 5 Level 3 Level 4 Level 5 an altar to Mog, a magic chest stairs to The Dungeons of Doom History has recorded: On T:1 you entered the Dungeons of Doom to retrieve the Amulet of Yendor! On T:189 you reached level 2 of The Dungeons of Doom. On T:392 you advanced to experience level 2. On T:670 you reached level 3 of The Dungeons of Doom. On T:822 you reached level 4 of The Dungeons of Doom. On T:1113 you advanced to experience level 3. On T:1297 you reached level 1 of The Gnomish Mines. On T:1575 you reached level 5 of The Dungeons of Doom. On T:1645 you advanced to experience level 4. On T:1663 you reached level 6 of The Dungeons of Doom. On T:1674 you reached level 4 of Sokoban. On T:1740 you opened a magic chest. On T:1801 you prayed to Kos. On T:2158 you reached level 3 of Sokoban. On T:2333 you advanced to experience level 5. On T:2690 you reached level 2 of Sokoban. Score breakdown: Gold: 0 ( 0 points) Experience: 5 levels ( 400 points) Exploration: 6 levels ( 150 points) Discoveries: 13 items ( 650 points) Variety of kills: 34 monsters ( 1700 points) Major goal: (nothing yet) ( 0 points) Survival: died (score multiplied by 3) Total score: 8700 Latest messages: You are beginning to feel hungry. You stop searching. This pancake is delicious! You finish eating the pancake. You displace kitty. You see here a gnome corpse. The gnome king swings his bow at you. The gnome king hits! The gnome king punches you! You stab the gnome king! The gnome king drinks an orange potion! The gnome king looks completely healed. You stab the gnome king. The gnome king swings his bow at you. The gnome king hits! The gnome king punches you! You stab the gnome king. The gnome king swings his bow at you. The gnome king hits! The gnome king punches you! You stab the gnome king. You stab the gnome king! The gnome king swings his bow at you. The gnome king hits! The gnome king punches you! You die... Final status: Goodbye woodfighter the Rogue, killed by a gnome king... You died in The Gnomish Mines on dungeon level 5 with 8700 points, and 0 pieces of gold, after 3562 moves. You were level 5 with a maximum of 38 hit points when you died.